 Dungeon Crawl Stone Soup version 0.30.1-1-g62c8e00024 (webtiles) character file.

Game seed: 2699452784000060085

857 cheesebisquit the Cleaver (level 8, -4/71 HPs)
             Began as a Hill Orc Monk on July 14, 2023.
             Was a Believer of Beogh.
             Slain by Duvessa
             ... wielding a +0 short sword
              (10 damage)
             ... on level 5 of the Dungeon on July 15, 2023.
             The game lasted 00:18:36 (4559 turns).

cheesebisquit the Cleaver (Hill Orc Monk)           Turns: 4559, Time: 00:18:37

Health: -4/71      AC: 14    Str: 16    XL:     8   Next: 2%
Magic:  0/8        EV:  5    Int: 10    God:    Beogh [**....]
Gold:   19         SH:  0    Dex: 13    Spells: 7/7 levels left

rFire   . . .        B - +0 hand axe (flame)
rCold   + . .        d - orb {light}
rNeg    . . .        q - +1 plate armour {rC+}
rPois   +            (no helmet)
rElec   .            m - +0 cloak
rCorr   .            (no gloves)
SInv    .            (no boots)
Will    .....        r - amulet of guardian spirit Stlth
                     y - ring of flight
HPRegen 0.31/turn    D - ring of poison resistance
MPRegen 0.11/turn

%: guardian spirit
@: about to teleport, flying, glowing
A: no striking features
a: Renounce Religion, Smiting


You were on level 5 of the Dungeon.
You worshipped Beogh.
Beogh was pleased with you.
You visited 2 branches of the dungeon, and saw 6 of its levels.

You collected 259 gold pieces.
You spent 240 gold pieces at shops.

Inventory:

Hand Weapons
 B - a +0 hand axe of flaming (weapon)
Missiles
 b - 16 poisoned darts (quivered)
 o - 5 atropa-tipped darts
 x - 4 boomerangs
Armour
 d - an orb of light (worn)
 m - a +0 cloak (worn)
 q - a +1 plate armour of cold resistance (worn)
Jewellery
 r - an amulet of guardian spirit (around neck)
 y - a ring of flight (left hand)
 D - a ring of poison resistance (right hand)
Wands
 f - a wand of mindburst (10)
Scrolls
 g - 3 scrolls of poison
 h - 2 scrolls of teleportation
 i - a scroll of magic mapping {unknown}
 j - a scroll of noise {unknown}
 k - a scroll of immolation
 s - a scroll of enchant weapon {unknown}
 u - 2 scrolls of fear
 A - a scroll of enchant armour {unknown}
Potions
 a - a potion of flight
 e - a potion of invisibility
 n - a potion of mutation
 p - 2 potions of cancellation
 t - a potion of attraction {unknown}
 v - a potion of resistance {unknown}
 z - a potion of berserk rage {unknown}
 C - a potion of haste {unknown}


   Skills:
 + Level 6.3 Fighting
 * Level 9.1 Axes
 + Level 4.5 Armour
 - Level 2.4 Dodging


You had 7 spell levels left.
You didn't know any spells.
Your spell library contained the following spells:

 Spells                   Type           Power      Damage    Failure   Level
 Magic Dart               Conj           0%         1d3       100%        1
 Searing Ray              Conj           0%         2d4       100%        2
 Fulminant Prism          Conj/Hex       0%         3d5       100%        4


Dungeon Overview and Level Annotations

Branches:
Dungeon (5/15)             Temple (1/1) D:4

Altars:
Ashenzari
Cheibriados
Dithmenos
Elyvilon
Fedhas
Gozag
Hepliaklqana
Nemelex Xobeh
Okawaru
Qazlal
Ru
Sif Muna
Trog
Vehumet
Wu Jian
Xom
Yredelemnul
The Shining One

Shops:
D:1 =

Annotations:
D:5 Duvessa


Message History

Duvessa hits you with a +0 short sword! Duvessa hits you with a +0 short sword.
You completely miss Duvessa.
Duvessa is heavily wounded.
Duvessa hits you with a +0 short sword.
* * * LOW HITPOINT WARNING * * *
You feel much better. Duvessa hits you but does no damage.
You completely miss Duvessa.
Duvessa is heavily wounded.
Duvessa hits you with a +0 short sword! Duvessa hits you with a +0 short sword.
Okay, then.
You feel much better. Duvessa hits you with a +0 short sword!
You hit Duvessa but do no damage.
Duvessa is heavily wounded.
Duvessa hits you with a +0 short sword.
You hit Duvessa. You burn Duvessa.
Duvessa is heavily wounded.
Duvessa hits you with a +0 short sword! x2
* * * LOW HITPOINT WARNING * * *
You feel much better. Duvessa hits you with a +0 short sword.
You are confused.
You feel invigorated.
Duvessa hits you with a +0 short sword! x2
You feel better.
You feel less invigorated. Duvessa hits you with a +0 short sword!
You hit Duvessa. You burn Duvessa.
Duvessa is severely wounded.
Duvessa hits you with a +0 short sword!
You completely miss Duvessa.
Duvessa is severely wounded.
Duvessa hits you with a +0 short sword! Duvessa hits you with a +0 short sword.
You barely miss Duvessa.
Duvessa is severely wounded.
Duvessa hits you with a +0 short sword!
* * * LOW HITPOINT WARNING * * *
You can't see any enemies this would affect, really read the scroll of fear?
Okay, then.
As you read the scroll of teleportation, it crumbles to dust.
You feel strangely unstable. Duvessa hits you with a +0 short sword!
* * * LOW HITPOINT WARNING * * *
Duvessa hits you with a +0 short sword!
You die...

##.## #.#.#######.#
#.####.####.#.# #.#
#......)....#.# #.#
######.######.# #.#
#.....##.# #.#
#####.##.# #.#
##...#.# #.#
####.)....# #.#
#..e@.....# #.#
#.##!....## #.### #
.#...## #.<..
#.##.##############
#.##.# #...........
#.##.# #.##.)....##
#.##.# #.##.####.##
#.##.# #.##.##.....
#.##)# #....##.####


You could see Duvessa (berserk).

Vanquished Creatures
  Sigmund (D:3)
  A water moccasin (D:5)
  A black bear (D:5)
  2 scorpions (D:5)
  Dowan (D:5)
  A howler monkey (D:4)
  A hound (D:4)
  A jelly (D:5)
  A sleepcap (D:5)
  An orc wizard (D:5)
  7 adders
  4 gnolls (D:4)
  A shadow imp (D:5)
  A worm (D:5)
  2 dart slugs
  4 orcs (D:4)
  6 bats
  9 endoplasms
  3 giant cockroaches
  8 goblins
  9 hobgoblins
  12 kobolds
  5 quokkas
  9 ball pythons
  4 frilled lizards
  6 rats
101 creatures vanquished.

Vanquished Creatures (others)
  An orc priest (D:5)
  An adder (D:5)
  5 orcs (D:5)
7 creatures vanquished.

Grand Total: 108 creatures vanquished

Notes
Turn   | Place    | Note
-------+----------+-------------------------------------------
     0 | D:1      | cheesebisquit the Hill Orc Monk began the quest for the
                  | Orb.
     0 | D:1      | Reached XP level 1. HP: 19/19 MP: 1/1
   205 | D:1      | Reached XP level 2. HP: 22/27 MP: 2/2
   429 | D:1      | Found Tagefit's Jewellery Shoppe.
   636 | D:1      | Reached skill level 1 in Armour
   921 | D:2      | Found a white marble altar of Elyvilon.
   928 | D:2      | Reached XP level 3. HP: 30/33 MP: 3/3
  1066 | D:2      | Reached skill level 5 in Axes
  1413 | D:2      | Reached XP level 4. HP: 40/40 MP: 4/4
  1892 | D:3      | Noticed Sigmund
  1909 | D:3      | Killed Sigmund
  1910 | D:3      | Reached skill level 6 in Axes
  1910 | D:3      | Reached XP level 5. HP: 32/47 MP: 5/5
  1910 | D:3      | Reached XP level 6. HP: 37/55 MP: 6/6
  2226 | D:3      | Found an ornate altar of the Wu Jian Council.
  2493 | D:4      | Reached skill level 5 in Fighting
  2648 | D:4      | Reached skill level 7 in Axes
  2874 | D:4      | Found a staircase to the Ecumenical Temple.
  2880 | Temple   | Entered the Ecumenical Temple
  3635 | D:5      | Entered Level 5 of the Dungeon
  3644 | D:5      | Became a worshipper of Beogh the Brigand
  3644 | D:5      | Reached * piety under Beogh
  3644 | D:5      | Reached ** piety under Beogh
  3650 | D:5      | Reached XP level 7. HP: 49/61 MP: 7/7
  3675 | D:5      | Reached skill level 8 in Axes
  4185 | D:5      | Found a snail-covered altar of Cheibriados.
  4383 | D:1      | Bought a ring of poison resistance for 240 gold pieces
  4506 | D:5      | Reached skill level 9 in Axes
  4521 | D:5      | Noticed Dowan
  4530 | D:5      | Killed Dowan
  4530 | D:5      | Noticed Duvessa
  4531 | D:5      | Reached XP level 8. HP: 69/71 MP: 8/8
  4559 | D:5      | Slain by Duvessa

Illustrated notes

Levels and vault maps discovered:
D:1:      dpeg_arrival_connections, layout_basic, serial_shops,
          nicolae_shop_rolling_square, nicolae_concentric_dashed_squares_mild,
          dk_noncrumbling_2
D:2:      layout_basic, basic_altar, grunt_ministairs_1
D:3:      layout_basic, pdpol_wu_jian_five_deadly_venoms, uniq_sigmund
D:4:      layout_cave_pods, minmay_temple_entry_hall
D:5:      layout_loops_ring, slow_altar_2, uniq_duvessa
Temple:   nicolae_temple_slightly_damp_pantheon

Skill      XL: |  1  2  3  4  5  6  7 |
---------------+----------------------+-----
Armour         | 1 2 3 4 |  4.5
Fighting       | 4 5 6 |  6.3
Axes           | 5 6 7 9 |  9.1
Dodging        | |  2.4

Action                     |  1- 3 |  4- 6 |  7- 9 || total
---------------------------+-------+-------+-------++-------
  Melee: Hand axe          |   108 |   142 |    84 ||   334
  Throw: Dart              |       |     2 |     5 ||     7
 Invoke: Convert to Beogh  |       |     1 |       ||     1
    Use: Scroll            |       |     9 |     2 ||    11
         Potion            |       |       |     5 ||     5
 Armour: Robe              |    14 |     3 |       ||    17
         Plate armour      |       |    77 |    42 ||   119
         Scale mail        |       |     4 |       ||     4
  Dodge: Dodged            |    68 |    59 |    17 ||   144
